 Dungeon Crawl Stone Soup version 0.31.0-9-g3a7656b989 (console) character file.

Game seed: 17092984960674359677

172 AlterAsc the Ruffian (level 5, -1/33 HPs)
             Began as an Octopode Shapeshifter on Jan 28, 2024.
             Slain by Grinder (2 damage)
             ... while paralysed by Grinder
             ... on level 4 of the Dungeon.
             The game lasted 00:04:28 (2741 turns).

AlterAsc the Ruffian (Octopode Shapeshifter)        Turns: 2741, Time: 00:04:29

Health: -1/33      AC:  1    Str: 16    XL:     5   Next: 53%
Magic:  0/5        EV:  2    Int: 12    God:
Gold:   171        SH:  0    Dex: 11    Spells: 4/4 levels left

rFire   . .          .
                       - Unarmed
rCold   . . .        (no shield)
rNeg    . . .        (helmet currently unavailable)
rPois   .            q - amulet of guardian spirit
rElec   .            (no ring)
rCorr   .            (no ring)
SInv    .            (no ring)
Will    .....        (no ring)
Stlth   ++           (no ring)
HPRegen 0.25/turn    (no ring)
MPRegen 0.09/turn    (no ring)
                     (no ring)

%: guardian spirit
@: paralysed, beast-form, studying Air Magic
A: beast (slay +1), almost no armour, amphibious, 8 rings, camouflage 1,
gelatinous body 1, (nimble swimmer 1), tentacles
a: Begin Untransformation


You were on level 4 of the Dungeon.
You were a hulking beast.
You visited 1 branch of the dungeon, and saw 4 of its levels.

You collected 171 gold pieces.

Inventory:

Missiles
 e - 22 stones (quivered)
 o - 5 poisoned darts
Jewellery
 q - an amulet of guardian spirit (around mantle)
Talismans
 b - a beast talisman
 c - a flux talisman
Scrolls
 d - 4 scrolls of vulnerability {unknown}
 g - a scroll of enchant armour {unknown}
 h - a scroll of enchant weapon {unknown}
 i - 2 scrolls of identify {unknown}
 l - a scroll of torment {unknown}
 n - a scroll of poison {unknown}
 p - a scroll of fog {unknown}
 s - a scroll of blinking {unknown}
Potions
 a - a potion of lignification
 f - 3 potions of curing {unknown}
 j - a potion of resistance {unknown}
 k - a potion of mutation {unknown}
 m - a potion of brilliance {unknown}
 r - a potion of heal wounds {unknown}


   Skills:
 - Level 1.0 Fighting
 - Level 2.0 Dodging
 + Level 6.0 Unarmed Combat
 - Level 3.0 Shapeshifting


You had 4 spell levels left.
You didn't know any spells.
Your spell library contained the following spells:

 Spells                   Type           Power      Damage    Failure   Level
 Slow                     Hex            0%         N/A       32%         1
 Confusing Touch          Hex            0%         N/A       69%         3
 Sigil of Binding         Hex            0%         N/A       69%         3
 Vampiric Draining        Necr           0%         2d6       69%         3


Dungeon Overview and Level Annotations

Branches:
Dungeon (4/15)
 Temple: D:4-7

Altars:

Shops:
D:2 !?*

Annotations:
D:3 3 runed translucent doors, glosham's ghost, amateur DjCK
D:4 Grinder


Innate Abilities, Weirdness & Mutations

You are a hulking beast.
Your limbs bulge with bestial killing power. (Slay +1)
You cannot wear most types of armour.
You are amphibious.
You can wear up to eight rings at the same time.
Your skin changes colour to match your surroundings (Stealth+).
Your rubbery body absorbs attacks. (AC +1, EV +1)
((You are camouflaged when in or above water. (Stealth+)))
You have tentacles for arms and can constrict up to eight enemies at once.


Message History

Aim: Grinder (50% to hit)
You throw a poisoned dart. The poisoned dart hits Grinder.
There is an open door here.
You start waiting.
Grinder is nearby!
You tentacle-slap Grinder but do no damage.
Your grab misses Grinder. Your squeeze misses Grinder.
Grinder says, "There's only one good use for a tongue: cutting it out."
Grinder barely misses you.
You bludgeon Grinder! Your grab misses Grinder. You squeeze Grinder!
Grinder is heavily wounded.
Grinder closely misses you.
You closely miss Grinder. Your grab misses Grinder.
Grinder is heavily wounded.
Grinder gestures at you.
You barely resist. You barely miss Grinder. Your grab misses Grinder.
Grinder is heavily wounded.
Grinder says, "I used to sell toenails on the black market."
Grinder hits you but does no damage.
You bludgeon Grinder! You grab Grinder.
Grinder is severely wounded.
You constrict Grinder. Grinder hits you but does no damage.
You tentacle-slap Grinder.
Grinder is severely wounded.
You constrict Grinder. Grinder hits you!
You writhe in agony.
You tentacle-slap Grinder but do no damage.
Grinder is almost dead.
You constrict Grinder. Grinder gestures at you.
You suddenly lose the ability to move!
You lose your grip on Grinder.
Grinder says, "Mostly I couldn't keep them alive."
Grinder hits you. Grinder hits you!
You writhe in agony.
* * * LOW HITPOINT WARNING * * *
Grinder hits you!
* * * LOW HITPOINT WARNING * * *
You writhe in agony.
You die...
Grinder sighs, "Dead already?
I want a refund."

# # # #.....# #
#.....# #
####.....############
#.......(##..........
#........##..........
#........##..........
#...5....##..........
#...h######.....^....
#....'....'..........
#....######..........
#....+...[...........
#...)######.#+###....
#.......# #.#.# #....
#.....#.# #.#.# #....
#.....#<# #.#.# #####
#.#.#.#####.#.#
#.#.#.......#.#
#.#...........#


You could see Grinder.

Vanquished Creatures
  An iguana (D:4)
  Robin (D:2)
  3 gnolls (D:2)
  3 adders
  A ribbon worm (D:3)
  A dart slug (D:3)
  6 ball pythons
  7 bats
  5 endoplasms
  2 giant cockroaches
  15 goblins
  8 hobgoblins
  7 jackals (D:1)
  4 quokkas
  2 frilled lizards
  A kobold (D:3)
  2 rats (D:2)
69 creatures vanquished.

Notes
Turn   | Place    | Note
-------+----------+-------------------------------------------
     0 | D:1      | AlterAsc the Octopode Shapeshifter began the quest for the
                  | Orb.
     0 | D:1      | Reached XP level 1. HP: 13/13 MP: 1/1
    97 | D:1      | Reached XP level 2. HP: 4/18 MP: 2/2
   294 | D:1      | Reached skill level 4 in Unarmed Combat
   302 | D:1      | Reached XP level 3. HP: 21/23 MP: 3/3
   661 | D:2      | Reached XP level 4. HP: 23/28 MP: 4/4
   716 | D:2      | Found Olosog's General Store.
   845 | D:2      | Found Fuingeang's Distillery.
   845 | D:2      | Noticed Robin
   865 | D:2      | Killed Robin
   866 | D:2      | Reached skill level 5 in Unarmed Combat
  1388 | D:2      | Found Loar's Magic Scroll Emporium.
  1494 | D:3      | Found a runed translucent gate.
  1498 | D:3      | Found a runed translucent gate.
  1499 | D:3      | Found a runed translucent gate.
  1778 | D:3      | Reached XP level 5. HP: 33/33 MP: 5/5
  2073 | D:3      | Noticed glosham's ghost (amateur DjCK)
  2495 | D:4      | Reached skill level 6 in Unarmed Combat
  2716 | D:4      | Noticed Grinder
  2738 | D:4      | Paralysed by Grinder for 3 turns
  2741 | D:4      | HP: 1/33 [Grinder (5)]
  2741 | D:4      | Slain by Grinder

Illustrated notes

Levels and vault maps discovered:
D:1:      minmay_arrival_nine_rooms, layout_rooms, kennysheep_crisscross
D:2:      layout_basic, serial_bayou, serial_bayou_lagoon_a,
          serial_bayou_shore_b, serial_bayou_pond_a, serial_bayou_shore_a,
          serial_shops, nicolae_shop_pleasant_corner_grove, shop,
          nicolae_shop_rolled_up, chequers_serial_rivers_micro_b,
          palyth_stone_intersect, uniq_robin
D:3:      layout_loops_ring, ebering_ghost_rock_garden
D:4:      layout_basic, uniq_duvessa, uniq_grinder

Skill      XL: |  1  2  3  4  5 |
---------------+----------------+-----
Unarmed Combat | 4 5 6 |  6.0
Fighting       | |  1.0
Dodging        | |  2.0
Shapeshifting  | |  3.0

Action                     |  1- 3 |  4- 6 || total
---------------------------+-------+-------++-------
  Melee: Unarmed           |    57 |    93 ||   150
         Tentacles         |    11 |    14 ||    25
         Constrict         |    10 |    18 ||    28
         Punch             |     2 |     2 ||     4
  Throw: Dart              |       |     1 ||     1
   Stab: Sleeping          |     1 |    10 ||    11
 Armour: Skin              |    24 |    35 ||    59
  Dodge: Dodged            |    37 |    44 ||    81
